 Dungeon Crawl Stone Soup version 0.20.1-1-g8b1a95d (webtiles) character file.

38 RollingDesktops the Grasshopper (level 3, -2/30 HPs)
             Began as a Draconian Warper on Dec 29, 2017.
             Slain by an orc
             ... wielding a +0 dagger
              (4 damage)
             ... on level 3 of the Dungeon.
             The game lasted 00:11:32 (965 turns).

RollingDesktops the Grasshopper (Draconian Warper)   Turns: 965, Time: 00:11:35

Health: -2/30      AC: 10    Str: 13    XL:     3   Next: 25%
Magic:  3/6        EV: 12    Int: 14    God:
Gold:   49         SH:  0    Dex: 10    Spells: 1/6 levels left

rFire    . . .     SeeInvis .   s - +1 long sword
rCold    . . .     Gourm    .   (no shield)
rNeg     . . .     Faith    .   (armour unavailable)
rPois    .         Spirit   .   (helmet restricted)
rElec    .         Reflect  .   (no cloak)
rCorr    .         Harm     .   j - +1 pair of gloves
MR       .....                  (no boots)
Stlth    +.........             (no amulet)
Regen    0.1/turn               q - +3 ring of protection
MPRegen  0.1/turn               (no ring)

@: very slightly contaminated, slowed, very slow
A: unfitting armour, cold-blooded, AC +5
a: no special abilities


You were on level 3 of the Dungeon.
You were not hungry.

You visited 1 branch of the dungeon, and saw 3 of its levels.

You collected 49 gold pieces.

Inventory:

Hand Weapons
 a - a +0 spear
 s - a +1 long sword (weapon)
Missiles
 d - 5 tomahawks of dispersal (quivered)
 k - 40 arrows
 n - 3 needles of frenzy
Armour
 j - a +1 pair of gloves (worn)
Jewellery
 q - a +3 ring of protection (left hand)
Scrolls
 i - a scroll of identify
 l - 2 scrolls of remove curse
Potions
 e - a potion of haste {unknown}
 g - 2 potions of heal wounds {unknown}
 m - a potion of resistance {unknown}
 o - a potion of cancellation {unknown}
Books
 b - a book of Spatial Translocations

   Spells                             Type                      Level
   a - Blink                          Translocation                2
   b - Shroud of Golubria             Charms/Translocation         2
   c - Lesser Beckoning               Translocation                3
   d - Gell's Gravitas                Translocation                3
   e - Teleport Other                 Translocation                3
   f - Passage of Golubria            Translocation                4
Comestibles
 f - a bread ration
 h - 4 fruits
 t - a royal jelly


   Skills:
 + Level 2.9 Fighting
 + Level 2.7 Polearms
 + Level 0.8 Throwing
 + Level 2.4 Dodging
 + Level 2.1 Spellcasting
 + Level 3.0 Translocations


You had one spell level left.
You knew the following spells:

 Your Spells              Type           Power        Failure   Level  Hunger
a - Gell's Gravitas       Tloc           #.........   21%         3    ###....
b - Blink                 Tloc           N/A          11%         2    ###....


Dungeon Overview and Level Annotations

Branches:
Dungeon (3/15)

Altars:


Innate Abilities, Weirdness & Mutations

Your plain brown scales are hard. (AC +5)
You cannot fit into any form of body armour.
You are cold-blooded and may be slowed by cold attacks.


Message History

The magic dart hits you! Something hits you.
* * * LOW HITPOINT WARNING * * *
The orc wizard completely misses you.
You riposte.
You closely miss the orc wizard. The orc closely misses you.
You riposte.
You closely miss the orc. The orc priest closely misses you.
Something hits you.
* * * LOW HITPOINT WARNING * * *
Okay, then.
Casting: Gell's Gravitas
Confirm with . or Enter, or press ? or * to list all spells.
You blink.
Something hits you.
* * * LOW HITPOINT WARNING * * *
The orc priest closely misses you. The orc hits you but does no damage.
You hit the orc.
The orc is almost dead.
The orc wizard is no longer moving quickly.
You hear some strange, mumbled words.
Something tries to affect you, but you resist.
The orc hits you with a dagger.
You die...

#........#
#####........#
............#
#..........#
#.........#
#.........#
#.o†§†....#
##o{†.....#
#@oo....### #
#.........#.#
##...........
#.......##..
##.......#
#....?..##
#..##...#####.
###.#
#.#.#.....
....###.#o#...o


You could see an orc priest, an orc wizard and 2 orcs.

Vanquished Creatures
  An adder (D:2)
  An orc (D:3)
  A bat (D:2)
  3 giant cockroaches
  2 goblins (D:1)
  2 hobgoblins
  4 jackals (D:3)
  5 kobolds
  A quokka (D:2)
  A frilled lizard (D:2)
  5 rats
26 creatures vanquished.

Notes
Turn   | Place    | Note
-------+----------+-------------------------------------------
     0 | D:1      | RollingDesktops the Draconian Warper began the quest for the Orb.
     0 | D:1      | Reached XP level 1. HP: 17/17 MP: 3/3
     3 | D:1      | Noticed an electric eel
     7 | D:1      | Noticed an electric eel
   273 | D:1      | Reached XP level 2. HP: 23/25 MP: 5/5
   311 | D:1      | You fall through a shaft!
   893 | D:2      | Reached XP level 3. HP: 30/30 MP: 6/6
   898 | D:2      | Learned a level 3 spell: Gell's Gravitas
   901 | D:2      | Learned a level 2 spell: Blink
   964 | D:3      | HP: 1/30 [something (5)]
   965 | D:3      | Slain by an orc

Action                   || total
-------------------------++-------
Melee: Spear             ||    37
       Tailslap          ||     8
       Long sword        ||    23
 Cast: Blink             ||     1
  Use: Scroll            ||     5
Armor: Skin              ||    71
Dodge: Dodged            ||    97
       Rpst.: Long sword ||    20
